 Dungeon Crawl Stone Soup version 0.21.1-1-g345015f (webtiles) character file.

52 inc the Insei (level 3, -2/21 HPs)
             Began as an Octopode Earth Elementalist on June 10, 2018.
             Slain by a hound (6 damage)
             ... on level 4 of the Dungeon.
             The game lasted 00:02:13 (2329 turns).

inc the Insei (Octopode Earth Elementalist)         Turns: 2329, Time: 00:02:14

Health: -2/21      AC:  1    Str:  7    XL:     3   Next: 85%
Magic:  6/6        EV: 13    Int: 18    God:
Gold:   87         SH:  0    Dex: 12    Spells: 5/6 levels left

rFire    . . .     SeeInvis .     - Unarmed
rCold    . . .     Gourm    .   (no shield)
rNeg     . . .     Faith    .   (helmet restricted)
rPois    .         Spirit   .   f - amulet of rage
rElec    .         Reflect  .   (no ring)
rCorr    .         Harm     .   (no ring)
MR       .....                  (no ring)
Stlth    +++.......             (no ring)
HPRegen  0.07/turn              (no ring)
MPRegen  0.10/turn              (no ring)
                                (no ring)
                                (no ring)

@: no status effects
A: almost no armour, stealthy swim, amphibious, 8 rings, constrict 8, camouflage
1, gelatinous body 1
a: Evoke Berserk Rage


You were on level 4 of the Dungeon.
You were hungry.

You visited 1 branch of the dungeon, and saw 4 of its levels.

You collected 87 gold pieces.

Inventory:

Missiles
 b - 80 stones (quivered)
Jewellery
 f - an amulet of rage (around mantle)
 m - an uncursed ring of stealth {unknown}
Scrolls
 k - 2 scrolls of magic mapping {unknown}
 l - 10 scrolls of identify {unknown}
 n - 4 scrolls of blinking {unknown}
Potions
 a - 2 potions of mutation {unknown}
 e - a potion of berserk rage {unknown}
 g - 2 potions of cancellation {unknown}
 h - 2 potions of flight {unknown}
 i - a potion of resistance {unknown}
 j - 3 potions of magic {unknown}
Books
 d - a book of Geomancy

   Spells                             Type                      Level
   a - Sandblast                      Earth                        1
   b - Passwall                       Transmutation/Earth          2
   c - Stone Arrow                    Conjuration/Earth            3
   d - Petrify                        Transmutation/Earth          4
   e - Lee's Rapid Deconstruction     Earth                        5
Comestibles
 c - 2 rations


   Skills:
 - Level 2.0 Dodging
 - Level 2.6 Stealth
 + Level 3.3 Unarmed Combat
 - Level 2.0 Spellcasting
   Level 1.0 Transmutations
 - Level 3.0 Earth Magic


You had 5 spell levels left.
You knew the following spells:

 Your Spells              Type           Power        Failure   Level  Hunger
a - Sandblast             Erth           ##....       5%          1    #......


Dungeon Overview and Level Annotations

Branches:
Dungeon (4/15)
 Temple: D:4-7

Altars:

Annotations:
D:3 Kagorn's ghost, amateur DsBe


Innate Abilities, Weirdness & Mutations

You cannot wear most types of armour.
You are very stealthy in the water. (Stealth+)
You are amphibious.
You can wear up to eight rings at the same time.
You can use your tentacles to constrict eight enemies at once.
Your skin changes colour to match your surroundings (Stealth+).
Your rubbery body absorbs attacks. (AC +1, EV +1)


Message History

You constrict the hound, but do no damage.
The hound bites you. The hound closely misses you.
You tentacle-slap the hound.
The hound is lightly wounded.
You constrict the hound. The hound bites you but does no damage.
You tentacle-slap the hound.
The hound is moderately wounded.
You constrict the hound, but do no damage.
The hound bites you.
* * * LOW HITPOINT WARNING * * *
The hound misses you.
You tentacle-slap the hound but do no damage.
The hound is moderately wounded.
You constrict the hound, but do no damage.
The hound bites you but does no damage.
You tentacle-slap the hound but do no damage.
You squeeze the hound.
The hound is heavily wounded.
You constrict the hound. The hound bites you.
You die...

######### ## #....
... ..# .... ..#
#.# #### #..# #.#
#.# #.. #..# #.#
#.# #.# #..####(#
#.####.## ........#
#..$...†#
#..###..###..###..#
#..# #..........@[#
#..# ######..##h#.#
#..# #..##.#.# #...
....#.. .# #.###
####.#.# .# ..#
#.#. .# ..... #.#.
.# ###.# #.#. .#
###.# #.#


You could see a hound.

Vanquished Creatures
  An ooze (D:2)
  A worm (D:2)
  4 leopard geckos
  6 giant cockroaches
  3 goblins
  4 hobgoblins (D:1)
  5 kobolds
  A quokka (D:2)
  A ball python (D:1)
  6 bats
  3 frilled lizards
  4 rats
39 creatures vanquished.

Notes
Turn   | Place    | Note
-------+----------+-------------------------------------------
     0 | D:1      | inc the Octopode Earth Elementalist began the quest for the Orb.
     0 | D:1      | Reached XP level 1. HP: 11/11 MP: 3/3
   140 | D:1      | Reached skill level 1 in Unarmed Combat
   354 | D:1      | Reached XP level 2. HP: 10/17 MP: 5/5
  1195 | D:1      | Reached XP level 3. HP: 19/21 MP: 6/6
  2223 | D:3      | Noticed Kagorn's ghost (amateur DsBe)
  2329 | D:4      | Slain by a hound

Skill      XL: |  1  2  3 |
---------------+----------+-----
Unarmed Combat | 1 2 3 |  3.3
Dodging        | |  2.0
Stealth        | |  2.6
Spellcasting   | |  2.0
Transmutations | |  1.0
Earth Magic    | |  3.0

Action                   || total
-------------------------++-------
Melee: Unarmed           ||    99
       Constrict         ||    28
       Tentacles         ||    14
       Punch             ||     1
 Cast: Sandblast         ||    10
 Stab: Sleeping          ||    10
       Distracted        ||     1
  Eat: Chunk             ||     4
Armor: Skin              ||    20
Dodge: Dodged            ||    69
